 Dungeon Crawl Stone Soup version 0.27-a0-1301-g128193abf8 (webtiles) character file.

Game seed: 2685793194201274633

490 EldarEldrad the Conjurer (level 6, -5/32 HPs)
             Began as a Deep Elf Fire Elementalist on June 17, 2021.
             Slain by a killer bee (8 damage)
             ... on level 4 of the Dungeon.
             The game lasted 00:13:36 (4262 turns).

EldarEldrad the Conjurer (DEFE)                     Turns: 4262, Time: 00:13:37

Health: -5/32      AC:  8    Str:  5    XL:     6   Next: 90%
Magic:  5/16       EV: 16    Int: 22    God:
Gold:   157        SH:  0    Dex: 15    Spells: 6/16 levels left

rFire    . . .     SeeInvis .   b - +0 dagger
rCold    . . .     Faith    .   (no shield)
rNeg     . . .     Spirit   .   a - +0 robe
rPois    .         Reflect  .   g - +0 helmet
rElec    .         Harm     .   l - +0 cloak
rCorr    .         Rampage  .   (no gloves)
Will     .....                  (no boots)
Stlth    ++........             (no amulet)
HPRegen  0.10/turn              d - +4 ring of evasion
MPRegen  0.15/turn              f - +4 ring of protection

@: lethally poisoned (-5 -> -8), very slightly contaminated
A: no striking features
a: no special abilities


You were on level 4 of the Dungeon.
You visited 1 branch of the dungeon, and saw 5 of its levels.

You collected 157 gold pieces.

Inventory:

Hand Weapons
 b - a +0 dagger (weapon)
Missiles
 h - a throwing net
Armour
 a - a +0 robe (worn)
 g - a +0 helmet (worn)
 l - a +0 cloak (worn)
Jewellery
 d - a +4 ring of evasion (left hand)
 f - a +4 ring of protection (right hand)
Wands
 n - a wand of mindburst (12)
 o - a wand of paralysis (6)
Scrolls
 c - 3 scrolls of identify {unknown}
 e - a scroll of blinking {unknown}
 j - a scroll of fear {unknown}
 p - a scroll of fog {unknown}
 q - a scroll of holy word {unknown}
Potions
 i - a potion of mutation {unknown}
 k - a potion of invisibility {unknown}
 m - a potion of haste {unknown}


   Skills:
 - Level 2.4 Dodging
 - Level 2.4 Stealth
 + Level 5.5 Spellcasting
 * Level 5.6 Conjurations
 + Level 5.1 Fire Magic


You had 6 spell levels left.
You knew the following spells:

 Your Spells              Type           Power      Damage    Failure   Level
a - Foxfire               Conj/Fire      100%       2x1d9     1%          1
b - Sticky Flame          Conj/Fire      29%        2d5       11%         4
c - Fireball              Conj/Fire      14%        3d8       28%         5

Your spell library contained the following spells:

 Spells                   Type           Power      Damage    Failure   Level
 Shock                    Conj/Air       72%        1d7       3%          1
 Conjure Flame            Conj/Fire      29%        6-21      3%          3
 Static Discharge         Conj/Air       18%        N/A       4%          2
 Inner Flame              Hex/Fire       17%        N/A       10%         3
 Swiftness                Air            6%         N/A       28%         3
 Lightning Bolt           Conj/Air       9%         1d21      63%         5
 Airstrike                Air            3%         N/A       67%         4


Dungeon Overview and Level Annotations

Branches:
Dungeon (5/15)
 Temple: D:4-7

Altars:


Message History

The foxfire hits the killer bee.
The killer bee is heavily wounded.
The killer bee misses you.
An ufetubus comes into view.
The killer bee stings you but does no damage.
The killer bee barely misses you. The killer bee barely misses you.
There is a stone staircase leading up here.
The killer bee barely misses you. The killer bee completely misses you.
The killer bee stings you but does no damage.
The killer bee closely misses you. The killer bee stings you.
You are poisoned.
The killer bee poisons you!
You climb upwards.
You feel very sick.
There is a stone staircase leading down here.
Unknown command.
You miss the killer bee.
The killer bee is heavily wounded.
You feel sick. The killer bee closely misses you. The killer bee stings you.
The killer bee completely misses you. The killer bee barely misses you. x2
The killer bee stings you.
Unknown command.
You closely miss the killer bee.
The killer bee is heavily wounded.
You feel sick. The killer bee completely misses you.
The killer bee stings you but does no damage.
The killer bee closely misses you.
The killer bee stings you but does no damage.
The killer bee closely misses you. x2
You miss the killer bee.
The killer bee is heavily wounded.
You feel sick. The killer bee misses you. The killer bee closely misses you. x3
The killer bee misses you. x2
You miss the killer bee.
The killer bee is heavily wounded.
You feel sick. The killer bee stings you.
* * * LOW HITPOINT WARNING * * *
The killer bee closely misses you. The killer bee stings you!
You die...

#.# #....# #(# #.#
#....###.# #.#
###...(.##.# #.#
#.....#.##.#
###.###.....#..#.#
...........###.#.#
........)..# #...#
...........####yy#
...............y@#
.......###########
.......# .......#
.......# .......#
.......# .......#
.......#


You could see 3 killer bees.

Vanquished Creatures
  A centaur (D:4)
  2 killer bees (D:5)
  A water moccasin skeleton (D:4)
  A hound (D:4)
  An orc priest (D:3)
  3 orc wizards
  A hound skeleton (D:4)
  2 adders
  An ufetubus (D:4)
  3 worms
  A dart slug (D:3)
  9 orcs
  6 ball pythons
  7 endoplasms
  3 giant cockroaches
  4 goblins
  5 hobgoblins
  13 jackals
  5 kobolds
  2 quokkas
  10 bats
  4 frilled lizards
  4 rats
89 creatures vanquished.

Vanquished Creatures (others)
  266 foxfires
266 creatures vanquished.

Grand Total: 355 creatures vanquished

Notes
Turn   | Place    | Note
-------+----------+-------------------------------------------
     0 | D:1      | EldarEldrad the Deep Elf Fire Elementalist began the quest
                  | for the Orb.
     0 | D:1      | Reached XP level 1. HP: 10/10 MP: 6/6
   376 | D:1      | Reached XP level 2. HP: 15/15 MP: 6/8
   498 | D:1      | Found a faded altar of an unknown god.
  1318 | D:2      | Reached XP level 3. HP: 19/19 MP: 6/10
  2220 | D:3      | Reached XP level 4. HP: 24/24 MP: 4/11
  2629 | D:3      | Reached XP level 5. HP: 28/28 MP: 7/13
  3570 | D:4      | Reached skill level 5 in Spellcasting
  3570 | D:4      | Reached XP level 6. HP: 28/32 MP: 11/15
  3589 | D:4      | Reached skill level 5 in Conjurations
  3734 | D:4      | Reached skill level 5 in Fire Magic
  4213 | D:5      | Entered Level 5 of the Dungeon
  4236 | D:5      | Learned a level 4 spell: Sticky Flame
  4242 | D:5      | Learned a level 5 spell: Fireball
  4262 | D:4      | Slain by a killer bee

Illustrated notes

Levels and vault maps discovered:
D:1:      mrwooster_arrival_statue_2, layout_loops_ring,
          hellmonk_ecumenical_altar_pennies_from_heaven, minmay_splitting_lines,
          glass_columns_c
D:2:      layout_loops_ring
D:3:      layout_loops_ring, serial_rivers, chequers_serial_rivers_micro_e,
          chequers_serial_rivers_room_a, chequers_serial_rivers_small_b,
          chequers_serial_rivers_marsh, hangedman_glass_teeth
D:4:      layout_basic
D:5:      layout_rooms, gup_ossuary_entry_pyramid

Skill      XL: |  1  2  3  4  5  6 |
---------------+-------------------+-----
Conjurations   | 2 3 4 5 |  5.6
Spellcasting   | 4 5 |  5.5
Fire Magic     | 4 5 |  5.1
Dodging        | |  2.4
Stealth        | |  2.4

Action                   |  1- 3 |  4- 6 || total
-------------------------+-------+-------++-------
Melee: Dagger            |     8 |    17 ||    25
 Cast: Foxfire           |    73 |    90 ||   163
Armor: Robe              |     1 |    10 ||    11
Dodge: Dodged            |     8 |    40 ||    48

Table legend: (Time is in decaauts)
 A = Elapsed time spent in this place.
 B = Non-inter-level travel time spent in this place.
 C = Inter-level travel time spent in this place.
 D = Time resting spent in this place.
 E = Time spent auto-exploring this place.
 F = Levels seen in this place.
 G = Mean time per level.
                   A        B        C        D        E       F      G
               +--------+--------+--------+--------+--------+-----+--------+
         Total |   4273 |   4172 |    101 |    213 |   3352 |   5 |  854.6 |
       Dungeon |   4273 |   4172 |    101 |    213 |   3352 |   5 |  854.6 |
               +--------+--------+--------+--------+--------+-----+--------+

Top non-repeatable levels by time:
     D:2: 1237 daAuts
     D:3: 1072 daAuts
     D:4: 998 daAuts
     D:1: 920 daAuts
     D:5: 44 daAuts
